 Dungeon Crawl Stone Soup version 0.24-a0-474-g47c397e050 (webtiles) character file.

Game seed: 10822478674326380307

124234 Gynju the Tortoise (level 16, -3/149 HPs)
             Began as a Minotaur Fighter on July 2, 2019.
             Was the Champion of the Shining One.
             Slain by an eight-headed hydra (13 damage)
             ... on level 4 of the Swamp on July 5, 2019.
             The game lasted 01:08:58 (32118 turns).

Gynju the Tortoise (Minotaur Fighter)              Turns: 32118, Time: 01:08:58

Health: -3/149     AC: 19    Str: 33    XL:     16   Next: 38%
Magic:  24/24      EV: 10    Int:  5    God:    the Shining One [******]
Gold:   2348       SH: 18    Dex: 10    Spells: 15/15 levels left

rFire    . . .     SeeInvis .   a - +6 trishula (holy)
rCold    . . .     Gourm    .   c - +1 shield
rNeg     + + +     Faith    .   r - +2 ring mail {rPois}
rPois    +         Spirit   .   H - +2 hat
rElec    .         Reflect  +   u - +1 cloak
rCorr    +         Harm     .   O - +0 pair of gloves
MR       +....                  e - +1 pair of boots
Stlth    ..........             p - +2 amulet of reflection
HPRegen  0.34/turn              M - ring of resist corrosion
MPRegen  0.19/turn              g - +5 ring of strength

@: lethally poisoned (-3 -> -3), glowing
A: retaliatory headbutt, horns 2
a: Divine Shield, Cleansing Flame, Summon Divine Warrior, Renounce Religion


You were on level 4 of the Swamp.
You worshipped the Shining One.
The Shining One was exalted by your worship.
You were not hungry.

You visited 5 branches of the dungeon, and saw 27 of its levels.

You collected 2348 gold pieces.

Inventory:

Hand Weapons
 a - a +6 trishula of holy wrath (weapon)
Armour
 c - a +1 shield (worn)
 e - a +1 pair of boots (worn)
 r - a +2 ring mail of poison resistance (worn)
 u - a +1 cloak (worn)
 H - a +2 hat (worn)
 O - a +0 pair of gloves (worn)
Jewellery
 g - a +5 ring of strength (right hand)
 p - a +2 amulet of reflection (around neck)
 J - an uncursed ring of stealth {unknown}
 L - an uncursed ring of protection from magic
 M - a ring of resist corrosion (left hand)
 Q - an uncursed ring of poison resistance
Wands
 o - a wand of enslavement (13)
 q - a wand of digging (12)
 s - a wand of disintegration (12)
 v - a wand of polymorph (27)
 y - a wand of flame (39)
 K - a wand of iceblast (31)
 N - a wand of paralysis (15)
 S - a wand of acid (17)
Scrolls
 h - 4 scrolls of teleportation
 w - 4 scrolls of identify
 z - 3 scrolls of fog
 A - 7 scrolls of remove curse
 B - a scroll of magic mapping
 C - 8 scrolls of amnesia
 E - 3 scrolls of blinking
 P - 4 scrolls of enchant armour
 T - a scroll of enchant weapon
Potions
 b - 5 potions of lignification
 d - 5 potions of curing
 i - 4 potions of degeneration
 j - 4 potions of heal wounds
 k - 3 potions of haste
 l - a potion of invisibility {unknown}
 m - 4 potions of berserk rage
 n - 4 potions of agility
 t - 3 potions of brilliance {unknown}
 x - 6 potions of flight {unknown}
 D - 3 potions of might
 F - 2 potions of mutation {unknown}
 I - 4 potions of ambrosia
 R - 3 potions of resistance
Comestibles
 f - 48 rations
 G - 2 chunks of flesh


   Skills:
 + Level 15.0 Fighting
 - Level 14.9 Polearms
 + Level 15.1 Armour
 - Level 15.0 Shields
 + Level 12.3 Invocations
 - Level 10.0 Evocations


You had 15 spell levels left.
You didn't know any spells.
Your spell library contained the following spells:

 Spells                   Type           Power        Failure   Level  Hunger
 Animate Skeleton         Necr           N/A          54%         1    ##.....
 Apportation              Tloc           #.....       54%         1    ##.....
 Beastly Appendage        Tmut           #.....       54%         1    ##.....
 Confusing Touch          Hex            #.....       54%         1    ##.....
 Infusion                 Chrm           #...         54%         1    ##.....
 Summon Small Mammal      Summ           #...         54%         1    ##.....
 Shroud of Golubria       Chrm/Tloc      #.....       69%         2    ###....
 Sticks to Snakes         Tmut           #.......     69%         2    ###....
 Swiftness                Chrm/Air       #.......     69%         2    ###....
 Confuse                  Hex            #.......     89%         3    ####...
 Gell's Gravitas          Tloc           #.........   89%         3    ####...
 Recall                   Summ/Tloc      N/A          89%         3    ####...
 Regeneration             Chrm/Necr      #.........   89%         3    ####...
 Spider Form              Tmut/Pois      #.........   89%         3    ####...
 Animate Dead             Necr           N/A          100%        4    #####..
 Ice Form                 Ice/Tmut       #.......     100%        4    #####..
 Petrify                  Tmut/Erth      #.......     100%        4    #####..
 Aura of Abjuration       Summ           #.........   100%        5    ######.
 Blade Hands              Tmut           #.........   100%        5    ######.
 Borgnjor's Vile Clutch   Necr/Erth      #.........   100%        5    ######.
 Lightning Bolt           Conj/Air       #.........   100%        5    ######.
 Metabolic Englaciation   Hex/Ice        #.........   100%        5    ######.
 Summon Demon             Summ           #.........   100%        5    ######.
 Summon Forest            Summ/Tloc      #.........   100%        5    ######.
 Summon Mana Viper        Hex/Summ       #.......     100%        5    ######.
 Yara's Violent Unravell  Hex/Tmut       #.........   100%        5    ######.
 Conjure Ball Lightning   Conj/Air       #.........   100%        6    #######
 Death Channel            Necr           #.........   100%        6    #######
 Shadow Creatures         Summ           N/A          100%        6    #######
 Simulacrum               Ice/Necr       #.........   100%        6    #######
 Orb of Destruction       Conj           #.........   100%        7    #######


Dungeon Overview and Level Annotations

Branches:
Dungeon (14/15)            Temple (1/1) D:6            Lair (6/6) D:10
  Swamp (4/4) Lair:3       Spider (0/4) Lair:4        Slime (0/5) Lair:5
    Orc (2/2) D:11            Elf (0/3) Orc:2        Vaults (0/5) D:14

Altars:
Ashenzari
Cheibriados
Gozag
Hepliaklqana
Kikubaaqudgha
Makhleb
Nemelex Xobeh
Okawaru
Ru
Trog
Zin
The Shining One
Beogh

Shops:
D:5 ?   D:14 }   Orc:1 }   Orc:2 :%(

Annotations:
D:12 1 runed translucent door, Trueduck's ghost, journeyman NaTm
Lair:4 1 runed translucent door
Lair:5 exclusion: 3 oklob plants
Swamp:1 3 runed translucent doors, dracomuter's ghost, journeyman DsAK
Swamp:3 1 runed translucent door, Armakuni's ghost, adept HuFi
Orc:1 2 transporters, Luexoam's ghost, adept GnIE


Innate Abilities, Weirdness & Mutations

You reflexively headbutt those who attack you in melee.
You have a pair of horns on your head.


Message History

The seven-headed hydra misses you.
You block the seven-headed hydra's attack.
The seven-headed hydra bites you but does no damage. x2
The six-headed hydra bites you.
* * * LOW HITPOINT WARNING * * *
You block the six-headed hydra's attack.
The six-headed hydra bites you but does no damage.
The six-headed hydra closely misses you.
You block the six-headed hydra's attack.
The six-headed hydra bites you!
* * * LOW HITPOINT WARNING * * *
The swamp dragon breathes poison at you.
The blast of poison misses you.
The eight-headed hydra barely misses you.
You furiously retaliate!
You headbutt the eight-headed hydra!
You block the eight-headed hydra's attack.
The eight-headed hydra closely misses you.
The eight-headed hydra bites you but does no damage.
The eight-headed hydra bites you!
You die...

.≈≈.≈≈≈≈.≈...≈≈≈.♣♣ ♣
..≈≈≈≈≈≈.≈≈.≈≈≈≈≈.♣♣≈♣
≈≈≈§≈≈≈.≈...≈≈≈≈≈.≈♣≈♣♣♣.≈
≈≈≈≈≈.♣♣♣♣♣≈≈≈≈≈≈≈...≈≈..§
≈≈≈≈≈.♣ ♣≈≈≈≈..§≈≈≈≈≈...≈
≈≈≈§.♣♣ ♣≈....≈≈≈≈≈≈≈≈.♣♣
≈≈.).♣♣♣ ♣♣♣♣≈○≈kkk○≈≈≈≈♣
(≈≈≈..≈♣ ♣♣♣DDDDk.≈♣≈♣
≈≈≈†≈≈.♣♣♣ ♣○@D♣♣.....≈
≈≈≈.≈≈≈.≈♣♣≈..○○☼○☼i≈##.##
.≈..≈≈≈.♣♣.≈≈≈§.≈≈.♣## ..#
≈≈≈♣.≈≈.♣≈.≈≈≈..§≈≈# ..
≈.≈♣≈.≈≈§.≈≈..≈≈.≈♣#
≈♣♣♣≈≈≈≈.≈≈≈≈≈≈≈.♣# ≈.
.≈♣♣♣.≈≈≈≈≈≈≈≈≈≈≈♣ §♣
♣.♣♣♣♣♣♣≈≈≈≈..≈≈♣# #♣≈♣
♣♣≈≈♣♣ ♣≈≈≈≈.≈.≈♣ #.≈♣


You could see an eight-headed hydra, a seven-headed hydra, a six-headed hydra, 2
swamp dragons, a spriggan druid and 4 swamp drakes.

Vanquished Creatures
  Jorgrun (Swamp:1)
  Agnes (D:14)
  2 thorn hunters (Swamp:2)
  An orc warlord (Orc:2)
  An ironheart preserver (D:14)
  Nessos (Lair:6)
  A dire elephant (Lair:6)
  Azrael (D:12)
  Harold (D:9)
  15 hydras
  A rakshasa (D:14)
  A shambling mangrove (Swamp:3)
  2 centaur warriors
  A merfolk avatar (Lair:6)
  12 alligators
  7 two-headed ogres
  10 death yaks
  2 tengu warriors (D:14)
  Urug (Lair:6)
  4 orc high priests (Orc:2)
  A spriggan berserker (Swamp:2)
  Sonja (D:12)
  A deep elf knight (Swamp:2)
  2 unseen horrors (D:13)
  A sea snake (Lair:6)
  2 spriggan druids
  A glowing orange brain (shapeshifter) (D:11)
  3 swamp dragons
  A harpy (Lair:6)
  5 orc knights (Orc:2)
  3 cyclopes
  2 manticores
  5 orc sorcerers
  An ugly thing (D:11)
  9 elephants
  4 black mambas
  5 centaur zombies
  25 spiny frogs
  A gargoyle (D:14)
  A kobold demonologist (D:13)
  A yaktaur (shapeshifter) (D:12)
  A rime drake (Lair:4)
  12 komodo dragons
  2 centaur skeletons
  4 trolls
  3 polar bears (Lair:6)
  3 meliai (D:14)
  6 tyrant leeches
  17 blink frogs
  Prince Ribbit (D:7)
  10 hornets
  15 slime creatures
  8 bog bodies
  A meliai zombie (D:14)
  12 hippogriffs
  A shadow (D:11)
  2 wyverns (Lair:4)
  6 spriggans (Swamp:2)
  29 yaks
  3 vampires
  4 basilisks
  A steam dragon (D:10)
  2 fire elementals (D:12)
  A hungry ghost (D:9)
  23 vampire mosquitoes
  11 swamp worms
  9 insubstantial wisps
  2 wargs (Orc:2)
  13 water moccasins
  5 porcupines
  2 hell hounds (D:12)
  2 black bears
  41 orc warriors
  An ice beast (D:8)
  5 sky beasts
  8 swamp drakes
  3 centaurs
  6 phantoms
  15 wolves
  18 ogres
  10 crocodiles
  5 big kobolds
  16 bullfrogs
  A gnoll sergeant (D:12)
  5 scorpions
  4 killer bees (D:10)
  2 vampire bats (D:4)
  8 howler monkeys
  An electric eel (D:9)
  A bullfrog zombie (D:11)
  5 crimson imps
  A quasit (D:12)
  33 orc priests
  A bullfrog skeleton (D:11)
  4 hounds
  4 jellies
  Crazy Yiuf (D:7)
  33 orc wizards
  3 iguanas
  6 worker ants
  A hound zombie (D:8)
  A howler monkey zombie (D:6)
  3 worker ant zombies
  7 gnolls
  2 howler monkey skeletons
  10 adders
  A shadow imp (D:7)
  12 white imps (Lair:3)
  An adder skeleton (D:6)
  2 worms
  A dart slug (D:1)
  3 leopard geckos
  102 orcs
  8 bats
  2 bat skeletons (D:4)
  4 bat zombies (D:4)
  6 giant cockroaches
  9 goblins
  4 hobgoblins
  16 kobolds
  4 quokkas
  A ball python (D:3)
  5 frilled lizards
  A giant cockroach zombie (D:5)
  4 leopard gecko skeletons
  4 rats
807 creatures vanquished.

Vanquished Creatures (collateral kills)
  2 slime creatures (Lair:3)
2 creatures vanquished.

Vanquished Creatures (others)
  A spriggan druid (Swamp:4)
  A slime creature (Swamp:4)
  An orc warrior (Orc:2)
  An orc priest (D:12)
  An orc (Orc:1)
  7 fungi
  19 plants
  5 toadstools (Lair:4)
36 creatures vanquished.

Grand Total: 845 creatures vanquished

Notes
Turn   | Place    | Note
-------+----------+-------------------------------------------
     0 | D:1      | Gynju the Minotaur Fighter began the quest for the Orb.
     0 | D:1      | Reached XP level 1. HP: 19/19 MP: 0/0
   106 | D:1      | Reached XP level 2. HP: 25/26 MP: 1/1
   189 | D:1      | You fall into a shaft and drop 1 floor!
   466 | D:1      | Reached XP level 3. HP: 31/31 MP: 2/2
  1174 | D:3      | Reached skill level 5 in Polearms
  1185 | D:3      | Reached XP level 4. HP: 37/39 MP: 3/3
  1266 | D:3      | Upgraded the game from 0.24-a0-462-ge24419a6ad to
                  | 0.24-a0-464-g6b2be6b8c7
  1299 | D:3      | Upgraded the game from 0.24-a0-464-g6b2be6b8c7 to
                  | 0.24-a0-474-g47c397e050
  1445 | D:3      | Reached XP level 5. HP: 40/45 MP: 4/4
  2278 | D:4      | Reached XP level 6. HP: 44/51 MP: 5/5
  2864 | D:4      | Found an ancient bone altar of Kikubaaqudgha.
  2874 | D:4      | Reached XP level 7. HP: 55/57 MP: 6/6
  3227 | D:5      | Entered Level 5 of the Dungeon
  3522 | D:5      | Reached skill level 10 in Polearms
  3547 | D:5      | Found Jaluwetu's Magic Scroll Boutique.
  3817 | D:6      | Found a hazy altar of Hepliaklqana.
  3892 | D:6      | Reached XP level 8. HP: 62/64 MP: 7/7
  3929 | D:6      | Found a shattered altar of Ashenzari.
  4444 | D:6      | Found a staircase to the Ecumenical Temple.
  4456 | Temple   | Entered the Ecumenical Temple
  4477 | Temple   | Became a worshipper of the Shining One
  4708 | D:7      | Noticed a hippogriff
  4718 | D:7      | Killed a hippogriff
  4849 | D:7      | Noticed a hippogriff
  4858 | D:7      | Killed a hippogriff
  4997 | D:7      | Noticed Prince Ribbit
  5009 | D:7      | Killed Prince Ribbit
  5009 | D:7      | Reached XP level 9. HP: 50/70 MP: 8/8
  5183 | D:7      | Noticed a five-headed hydra
  5192 | D:7      | Killed a five-headed hydra
  5521 | D:7      | Found a runed translucent door.
  5522 | D:7      | Noticed Crazy Yiuf
  5928 | D:7      | Killed Crazy Yiuf
  6006 | D:8      | Found a sacrificial altar of Ru.
  6007 | D:8      | Found a sparkling altar of Nemelex Xobeh.
  6009 | D:8      | Found an opulent altar of Gozag.
  6011 | D:8      | Found a bloodstained altar of Trog.
  6012 | D:8      | Found a glowing silver altar of Zin.
  6125 | D:8      | Reached skill level 1 in Invocations
  6143 | D:8      | Reached skill level 1 in Evocations
  6679 | D:8      | Reached skill level 5 in Armour
  6679 | D:8      | Reached skill level 5 in Shields
  6687 | D:8      | Reached XP level 10. HP: 80/80 MP: 10/10
  6689 | D:8      | Reached skill level 5 in Fighting
  7235 | D:9      | Noticed Harold
  7253 | D:9      | Killed Harold
  7306 | D:9      | Reached * piety under the Shining One
  8172 | D:10     | Entered Level 10 of the Dungeon
  8289 | D:10     | Noticed a death yak
  8516 | D:10     | Found a staircase to the Lair.
  8644 | D:10     | Noticed a two-headed ogre
  8783 | D:10     | Killed a two-headed ogre
  8788 | D:10     | Reached XP level 11. HP: 63/92 MP: 13/13
  8938 | D:10     | Killed a death yak
  9048 | D:10     | Found a burning altar of Makhleb.
  9409 | D:10     | Reached skill level 5 in Invocations
  9713 | Lair:1   | Entered Level 1 of the Lair of Beasts
 10578 | Lair:1   | Reached skill level 5 in Evocations
 11011 | Lair:2   | Reached ** piety under the Shining One
 11719 | Lair:2   | Reached XP level 12. HP: 90/103 MP: 15/15
 12086 | Lair:3   | Found a staircase to the Swamp.
 12336 | Lair:3   | Noticed a five-headed hydra
 12347 | Lair:3   | Killed a five-headed hydra
 12890 | Lair:3   | Reached *** piety under the Shining One
 13252 | Lair:4   | Noticed a death yak
 13326 | Lair:3   | Killed a death yak
 13682 | Lair:4   | Noticed a catoblepas
 13682 | Lair:4   | Noticed a catoblepas
 13702 | Lair:4   | Found a runed translucent door.
 13800 | Lair:4   | Reached skill level 10 in Armour
 13817 | Lair:4   | Reached skill level 10 in Fighting
 13832 | Lair:4   | Reached skill level 10 in Shields
 14093 | Lair:4   | Found a hole to the Spider Nest.
 15200 | Lair:5   | Reached XP level 13. HP: 96/114 MP: 16/18
 15513 | Lair:5   | Found a staircase to the Slime Pits.
 16343 | Lair:6   | Entered Level 6 of the Lair of Beasts
 17109 | Lair:6   | Noticed a dire elephant
 17308 | Lair:6   | Killed a dire elephant
 17309 | Lair:6   | Reached **** piety under the Shining One
 17827 | Lair:6   | Noticed Nessos
 18460 | Lair:6   | Killed Nessos
 18918 | Lair:6   | Noticed Urug
 18946 | Lair:6   | Killed Urug
 19051 | Lair:6   | Reached XP level 14. HP: 121/125 MP: 20/20
 19163 | Lair:6   | Identified the Incunabulum of Helpful Damage Dealing
 19220 | Lair:6   | Identified a scroll of acquirement
 19808 | D:11     | Found an iron altar of Okawaru.
 19864 | D:11     | Found a staircase to the Orcish Mines.
 19894 | D:11     | Found a roughly hewn altar of Beogh.
 20528 | D:12     | Noticed Azrael
 20549 | D:12     | Killed Azrael
 20991 | D:12     | Noticed Sonja
 21310 | D:12     | Found a runed translucent door.
 21462 | D:12     | Noticed Trueduck's ghost (journeyman NaTm)
 21462 | D:12     | Identified the +8 trident of the Pharaoh's Fist {antimagic,
                  | Stlth+}
 21503 | D:12     | Killed Sonja
 21554 | D:13     | Reached ***** piety under the Shining One
 21756 | D:13     | Reached skill level 10 in Invocations
 22289 | D:14     | Noticed an ironheart preserver
 22314 | D:14     | Killed an ironheart preserver
 23052 | Orc:1    | Entered Level 1 of the Orcish Mines
 23164 | Orc:1    | Found a transporter.
 23164 | Orc:1    | Noticed Luexoam's ghost (adept GnIE)
 23266 | Orc:1    | Found Yxopox's Gadget Shop.
 23289 | Orc:1    | Found a transporter.
 23507 | Orc:2    | Entered Level 2 of the Orcish Mines
 24138 | Orc:2    | Found a roughly hewn altar of Beogh.
 24263 | Orc:2    | Found Xepp's Food Emporium.
 24273 | Orc:2    | Found Ruumu's Book Shoppe.
 24766 | Orc:2    | Identified the Reference Book on Boosting Transmigration
 24798 | Orc:2    | Noticed an orc warlord
 24840 | Orc:2    | Killed an orc warlord
 25128 | Orc:2    | Found a staircase to the Elven Halls.
 25207 | Orc:2    | Reached XP level 15. HP: 135/135 MP: 21/21
 25321 | Orc:2    | Reached ****** piety under the Shining One
 25865 | Orc:2    | Found a roughly hewn altar of Beogh.
 25882 | Orc:2    | Found Kiewnusi's Armour Shoppe.
 25905 | Orc:2    | Reached skill level 10 in Evocations
 26014 | Orc:2    | Found Fyst's Antique Weapon Boutique.
 26766 | D:13     | Identified a +5 trishula of holy wrath (a +3 demon trident
                  | of freezing blessed by the Shining One)
 26766 | D:13     | Received a gift from the Shining One
 26886 | D:14     | Noticed Agnes
 26896 | D:14     | Killed Agnes
 27203 | D:14     | Found Bigichuw's Gadget Shoppe.
 27321 | D:14     | Found a gate to the Vaults.
 27538 | Swamp:1  | Entered Level 1 of the Swamp
 28440 | Swamp:1  | Found a runed translucent gate.
 28441 | Swamp:1  | Found a runed translucent gate.
 28442 | Swamp:1  | Found a runed translucent gate.
 28444 | Swamp:1  | Noticed dracomuter's ghost (journeyman DsAK)
 28518 | Swamp:1  | Noticed Jorgrun
 28535 | Swamp:1  | Killed Jorgrun
 28850 | Swamp:2  | Noticed a thorn hunter
 28857 | Swamp:2  | Killed a thorn hunter
 28860 | Swamp:2  | Noticed a thorn hunter
 28942 | Swamp:2  | Killed a thorn hunter
 30299 | Swamp:2  | Reached XP level 16. HP: 129/147 MP: 23/23
 30480 | Swamp:2  | Identified the +9 long sword of Deflation {slice, +Inv rC+}
 31095 | Swamp:3  | Found a runed translucent door.
 31096 | Swamp:3  | Noticed Armakuni's ghost (adept HuFi)
 31681 | Swamp:4  | Entered Level 4 of the Swamp
 31816 | Swamp:4  | Reached skill level 15 in Armour
 31861 | Swamp:4  | Reached skill level 15 in Fighting
 31879 | Swamp:4  | Reached skill level 15 in Shields
 32118 | Swamp:4  | Slain by an eight-headed hydra

Levels and vault maps discovered:
D:1:      dpeg_arrival_three_same_balls, layout_loops_ring
D:2:      layout_rooms
D:3:      cheibrodos_old_hovel, layout_loops_ring, first_ration
D:4:      layout_loops_ring, kennysheep_vampire_church
D:5:      layout_rooms, serial_shops, shop_scrolls, kennysheep_generic_room_5
D:6:      layout_rooms, minmay_temple_entry_steel_oval, basic_altar,
          minmay_misc_feat_rugged, cheibrodos_ashenzari_chains
D:7:      layout_basic, uniq_crazy_yiuf_cottage, uniq_prince_ribbit1
D:8:      layout_basic, grunt_temple_overflow_open, hangedman_pestilent_swarm
D:9:      layout_long_grid, fungi_pond_lemuel, uniq_harold
D:10:     layout_roguey, david_lair_generic, basic_altar, lemuel_flamethrower_2
D:11:     layout_irregular_city, minmay_orc_entry_temple_small, basic_altar,
          evilmike_minifort
D:12:     layout_loops_ring, ebering_ghost_funeral_grove, uniq_sonja,
          uniq_azrael
D:13:     layout_roguey
D:14:     layout_cave_pools, skrybe_vaults_entry_preservation, serial_shops,
          kennysheep_little_box, chequers_garden, uniq_agnes
Temple:   regret_index_temple_sphere_string
Lair:1:   layout_cave_pods
Lair:2:   layout_gridlike
Lair:3:   layout_cave_pods, swamp_mist, portal_ice_cave_entry_imps
Lair:4:   gammafunk_lair_enchanted_lake, layout_regular_city,
          spider_nest_entry_web_field
Lair:5:   layout_regular_city, minmay_slime_entry_oklob_open,
          chequers_serial_rivers_micro_e, infiniplex_staircase_pool_2,
          lemuel_fruit_tree
Lair:6:   gammafunk_lair_ancient_temple, layout_long_grid, uniq_urug,
          uniq_nessos
Swamp:1:  layout_basic_swamp, gammafunk_ghost_necromancy,
          evilmike_swamp_ruin_house_5, infiniplex_staircase_pool, uniq_jorgrun
Swamp:2:  cheibrodos_swamp_heart_of_darkness, layout_basic_swamp,
          evilmike_swamp_ruin_house_2
Swamp:3:  layout_basic_swamp, gammafunk_ghost_grave, evilmike_swamp_ruin_house_1
Swamp:4:  swamp, layout_basic_swamp, swamp_pool1
Orc:1:    layout_caves, serial_shops, shop, gammafunk_ghost_arena
Orc:2:    pubby_orc_utopia

Skill      XL: |  1  2  3  4  5  6  7  8  9 10 11 12 13 14 15 16 |
---------------+-------------------------------------------------+-----
Polearms       | 3 4 5 6 7 9 11 13 14 | 14.9
Fighting       | 4 7 8 10 11 13 14 15 | 15.0
Armour         | 5 7 8 10 11 13 14 15 | 15.1
Shields        | 5 7 8 10 11 13 14 15 | 15.0
Invocations    | 2 4 6 8 9 10 11 12 | 12.3
Evocations     | 1 4 5 7 8 9 10 | 10.0

Action                   |  1- 3 |  4- 6 |  7- 9 | 10-12 | 13-15 | 16-18 || total
-------------------------+-------+-------+-------+-------+-------+-------++-------
Melee: Trident           |   110 |   176 |   304 |   754 |  1436 |       ||  2780
       Headbutt          |     7 |    18 |    54 |   202 |   348 |    42 ||   671
       Trishula          |       |       |       |       |   313 |   263 ||   576
Invok: Divine Shield     |       |       |       |     1 |     3 |       ||     4
       Summon Divine War |       |       |       |       |     1 |       ||     1
       Brand Weapon With |       |       |       |       |     1 |       ||     1
Evoke: Wand              |       |       |       |       |     8 |       ||     8
  Use: Scroll            |       |     1 |    12 |     4 |    13 |       ||    30
       Potion            |       |       |     1 |       |     3 |       ||     4
  Eat: Chunk             |     1 |     6 |    11 |    28 |    38 |     8 ||    92
       Ration            |       |       |       |       |     3 |       ||     3
Armor: Scale mail        |    27 |    22 |       |       |       |       ||    49
       Pearl dragon scal |       |    50 |    28 |       |       |       ||    78
       Ring mail         |       |       |    61 |   127 |   390 |   121 ||   699
       Skin              |       |       |       |       |     2 |       ||     2
Dodge: Dodged            |    18 |    26 |    61 |   104 |   319 |    83 ||   611
Block: Shield            |    38 |    61 |   117 |   268 |   833 |   189 ||  1506
       Reflection        |       |       |       |       |    47 |     6 ||    53

Table legend:
 A = Non-vault XP
 B = Vault XP
 C = Vault XP percentage of total XP
 D = Non-vault monster count
 E = Vault monster count
 F = Vault count percentage of total count
                 A         B        C        D         E       F
            +---------+---------+-------+---------+---------+-------
      Total |  117996 |   59482 |  33.5 |     561 |     252 |  31.0
            +---------+---------+-------+---------+---------+-------
        D:1 |      36 |       0 |   0.0 |      20 |       0 |   0.0
        D:2 |      26 |       0 |   0.0 |       8 |       0 |   0.0
        D:3 |     210 |       2 |   0.9 |      28 |       1 |   3.4
        D:4 |     398 |     124 |  23.8 |      16 |       8 |  33.3
        D:5 |     176 |      44 |  20.0 |       9 |       2 |  18.2
        D:6 |    1126 |       0 |   0.0 |      26 |       0 |   0.0
        D:7 |    2066 |     324 |  13.6 |      11 |       2 |  15.4
        D:8 |     885 |     596 |  40.2 |      17 |       4 |  19.0
        D:9 |    2152 |    1285 |  37.4 |      25 |       2 |   7.4
       D:10 |    2933 |    1174 |  28.6 |      33 |       3 |   8.3
       D:11 |    1629 |    1598 |  49.5 |      18 |      14 |  43.8
       D:12 |    4223 |    2703 |  39.0 |      35 |       6 |  14.6
       D:13 |    8121 |       0 |   0.0 |      29 |       0 |   0.0
       D:14 |    5445 |    7986 |  59.5 |      17 |      10 |  37.0
     Lair:1 |    5849 |       0 |   0.0 |      26 |       0 |   0.0
     Lair:2 |    3411 |       0 |   0.0 |      16 |       0 |   0.0
     Lair:3 |    8458 |     987 |  10.4 |      24 |      13 |  35.1
     Lair:4 |    6163 |     815 |  11.7 |      23 |       4 |  14.8
     Lair:5 |   13451 |     997 |   6.9 |      37 |       3 |   7.5
     Lair:6 |    4318 |   11115 |  72.0 |      15 |      23 |  60.5
    Swamp:1 |    8154 |    3113 |  27.6 |      21 |       1 |   4.5
    Swamp:2 |   19880 |    5656 |  22.1 |      40 |       8 |  16.7
    Swamp:3 |   11368 |       0 |   0.0 |      29 |       0 |   0.0
    Swamp:4 |    5789 |     272 |   4.5 |      19 |       2 |   9.5
      Orc:1 |    1729 |      51 |   2.9 |      19 |      17 |  47.2
      Orc:2 |       0 |   20640 | 100.0 |       0 |     129 | 100.0
            +---------+---------+-------+---------+---------+-------
